 Dungeon Crawl Stone Soup version 0.18-a0-1692-g516f9e9 (webtiles) character file.

127 Ijustatesigmund the Sneak (level 5, -1/34 HPs)
             Began as an Octopode Assassin on Apr 5, 2016.
             Slain by an orc priest
             ... wielding a +2 trident of flaming
              (2 damage)
             ... on level 3 of the Dungeon.
             The game lasted 00:19:24 (1814 turns).

Ijustatesigmund the Sneak (Octopode Assassin)       Turns: 1814, Time: 00:19:24

Health: -1/34      AC:  1    Str: 10    XL:     5   Next: 11%
Magic:  5/5        EV: 11    Int: 13    God:
Gold:   116        SH:  4    Dex: 15    Spells: 0 memorised, 4 levels left

rFire  . . .     SeeInvis .     k - +2 dagger (venom)
rCold  . . .     Gourm    .     m - +0 buckler
rNeg   . . .     Faith    .     (helmet restricted)
rPois  .         Spirit   .     (no amulet)
rElec  .         Dismiss  .     (no ring)
rCorr  .         Reflect  .     (no ring)
SustAt .         Harm     .     (no ring)
MR     .....                    (no ring)
Stlth  +++++.....               (no ring)
                                (no ring)
                                (no ring)
                                (no ring)

@: not resistant to hostile enchantments, quite stealthy
A: almost no armour, amphibious, 8 rings, constrict 8, camouflage 1, gelatinous
body 1
a: no special abilities


You were on level 3 of the Dungeon.
You were hungry.

You visited 1 branch of the dungeon, and saw 3 of its levels.

You collected 116 gold pieces.

Inventory:

Hand Weapons
 a - a +2 dagger
 b - a +1 blowgun
 k - a +2 dagger of venom (weapon)
Missiles
 c - 8 poisoned needles
 d - 2 curare-tipped needles
Armour
 m - a +0 buckler (worn)
Scrolls
 g - a scroll of recharging
 h - a scroll of enchant weapon
Potions
 e - a potion of berserk rage {unknown}
 o - 2 potions of ambrosia
Comestibles
 f - 2 bread rations
 i - a beef jerky
 j - a slice of pizza


   Skills:
 + Level 2.2 Fighting
 + Level 3.3 Short Blades
 - Level 3.0 Throwing
 + Level 1.1 Dodging
 + Level 6.5 Stealth
 + Level 0.4 Shields


You had 4 spell levels left.
You didn't know any spells.

Dungeon Overview and Level Annotations

Branches:
Dungeon (3/15)

Altars:


Innate Abilities, Weirdness & Mutations

You cannot wear most types of armour.
You are amphibious.
You can wear up to eight rings at the same time.
You can use your tentacles to constrict eight enemies at once.
Your skin changes colour to match your surroundings (Stealth).
Your rubbery body absorbs attacks (AC +1).


Message History

The orc priest burns you.
* * * LOW HITPOINT WARNING * * *
A rat comes into view.
You are too injured to fight recklessly!
You are too injured to fight recklessly!
You are too injured to fight recklessly!
You are too injured to fight recklessly!
You are too injured to fight recklessly!
You are too injured to fight recklessly!
You are too injured to fight recklessly!
Read which item? (? for menu, Esc to quit)
Okay, then.
Drink which item? (? for menu, Esc to quit)
Okay, then.
The orc hits you with a dagger.
* * * LOW HITPOINT WARNING * * *
The orc priest hits you from afar with a trident of flaming.
* * * LOW HITPOINT WARNING * * *
The orc priest burns you.
You die...

.# #.# ###
#.## ....
#..# .....
##.#
.....###.#+##
............#
............#
.......O..$.#
.r....oo@.>.#
........o...#
......r..####
.........#
##.......#
#########


You could see an ogre, an orc priest, an orc wizard (wandering), an orc and 2
rats.

Vanquished Creatures
  Jessica (D:3)
  Terence (D:2)
  An adder (D:3)
  An ooze (D:2)
  4 dart slugs
  2 giant geckos (D:2)
  10 bats
  2 giant cockroaches
  3 goblins
  4 hobgoblins
  A quokka (D:2)
  A ball python (D:1)
  7 giant newts
  8 kobolds
  13 rats
59 creatures vanquished.

Notes
Turn   | Place    | Note
--------------------------------------------------------------
     0 | D:1      | Ijustatesigmund the Octopode Assassin began the quest for the Orb.
     0 | D:1      | Reached XP level 1. HP: 14/14 MP: 1/1
   119 | D:1      | Reached XP level 2. HP: 17/19 MP: 2/2
   683 | D:2      | Reached XP level 3. HP: 24/24 MP: 3/3
   731 | D:2      | Noticed Terence
   739 | D:2      | Killed Terence
   739 | D:2      | Reached skill level 6 in Stealth
   890 | D:2      | Reached XP level 4. HP: 17/29 MP: 4/4
  1726 | D:3      | Noticed Jessica
  1738 | D:3      | Killed Jessica
  1738 | D:3      | Reached XP level 5. HP: 28/34 MP: 5/5
  1808 | D:3      | Noticed an ogre
  1814 | D:3      | HP: 1/34 [orc priest/trident of flaming (4)]
  1814 | D:3      | Slain by an orc priest

Vault maps used:
D:1:      dpeg_arrival_castle
D:2:      mrwooster_statue_mirror, uniq_terence
D:3:      first_bread, minmay_three_crescents, uniq_robin, uniq_jessica

Skill      XL: |  1  2  3  4 |
---------------+-------------+-----
Stealth        | 6 |  6.5
Throwing       | 3 |  3.0
Short Blades   | 3 |  3.3
Fighting       | |  2.2
Dodging        | |  1.1
Shields        | |  0.4

Action                   |  1- 3 |  4- 6 || total
-------------------------+-------+-------++-------
Melee: Dagger            |    43 |    42 ||    85
 Fire: Blowgun           |       |     7 ||     7
  Use: Scroll            |       |     8 ||     8
 Stab: Sleeping          |    18 |     4 ||    22
       Distracted        |       |     2 ||     2
  Eat: Chunk             |       |     2 ||     2
